 Dungeon Crawl Stone Soup version 0.27-a0-1579-g97d2440184 (webtiles) character file.

Game seed: 4971746589255332347

364 Spaninq the Chopper (level 6, -3/53 HPs)
             Began as a Ghoul Warper on July 17, 2021.
             Was an Initiate of Okawaru.
             Slain by a water moccasin (8 damage)
             ... in a sewer.
             The game lasted 00:09:05 (3179 turns).

Spaninq the Chopper (Ghoul Warper)                  Turns: 3179, Time: 00:09:05

Health: -3/53      AC: 12    Str: 17    XL:     6   Next: 67%
Magic:  7/7        EV:  5    Int:  8    God:    Okawaru [......]
Gold:   168        SH:  0    Dex:  8    Spells: 8/8 levels left

rFire    . . .     SeeInvis .   m - +0 war axe
rCold    + . .     Faith    .   (no shield)
rNeg     + + +     Spirit   .   n - +0 plate armour
rPois    ∞         Reflect  .   j - +2 hat
rElec    .         Harm     .   (no cloak)
rCorr    .         Rampage  .   (no gloves)
Will     .....                  (no boots)
Stlth    ..........             (no amulet)
HPRegen  0.00/turn              (no ring)
MPRegen  0.10/turn              (no ring)

@: mighty, very slightly contaminated, invisible
A: claws 1, cold resistance 1, negative energy resistance 3, inhibited
regeneration, torment resistance 2
a: Renounce Religion


You were in a sewer.
You worshipped Okawaru.
Okawaru was noncommittal.
You visited 1 branch of the dungeon, and saw 4 of its levels.
You also visited: Sewer.

You collected 168 gold pieces.

Inventory:

Hand Weapons
 m - a +0 war axe (weapon)
Missiles
 d - 5 boomerangs of dispersal (quivered)
Armour
 j - a +2 hat (worn)
 n - a +0 plate armour (worn)
Scrolls
 a - 2 scrolls of immolation {unknown}
 b - 2 scrolls of noise {unknown}
 c - 3 scrolls of blinking
 e - a scroll of teleportation {unknown}
 f - a scroll of identify
 p - a scroll of fog {unknown}
Potions
 h - a potion of resistance


   Skills:
 + Level 4.4 Fighting
 * Level 5.0 Axes
 - Level 0.8 Throwing
 - Level 1.3 Armour
 - Level 2.0 Dodging
 - Level 1.7 Spellcasting
 - Level 2.6 Translocations


You had 8 spell levels left.
You didn't know any spells.
Your spell library contained the following spells:

 Spells                   Type           Power      Damage    Failure   Level
 Corona                   Hex            0%         N/A       100%        1
 Blink                    Tloc           N/A        N/A       100%        2
 Ensorcelled Hibernation  Hex/Ice        0%         N/A       100%        2
 Slow                     Hex            0%         N/A       100%        2
 Confusing Touch          Hex            0%         N/A       100%        3
 Gell's Gravitas          Tloc           2%         N/A       100%        3
 Ignite Poison            Fire/Tmut/Pois 0%         N/A       100%        3
 Lesser Beckoning         Tloc           2%         N/A       100%        3
 Mephitic Cloud           Conj/Pois/Air  0%         N/A       100%        3
 Teleport Other           Tloc           5%         N/A       100%        3
 Tukima's Dance           Hex            0%         N/A       100%        3
 Vampiric Draining        Necr           0%         2d6       100%        3
 Bolt of Magma            Conj/Fire/Erth 0%         4d4       100%        5
 Manifold Assault         Tloc           5%         N/A       100%        5


Dungeon Overview and Level Annotations

Branches:
Dungeon (4/15)              Sewer (1/1)
 Temple: D:4-7

Altars:
Cheibriados
Okawaru


Innate Abilities, Weirdness & Mutations

You thrive by killing the living.
You are immune to poison.
You have sharp fingernails.
Your flesh is cold resistant. (rC+)
You are immune to negative energy. (rN+++)
You do not regenerate when monsters are visible.
You are immune to unholy pain and torment.


Message History

You hit the water moccasin.
The water moccasin is heavily wounded.
The water moccasin barely misses you.
The water moccasin bites you but does no damage.
You miss the water moccasin.
The water moccasin is heavily wounded.
The water moccasin bites you but does no damage. x2
You closely miss the water moccasin.
The water moccasin is heavily wounded.
The water moccasin completely misses you.
The water moccasin bites you but does no damage.
You miss the water moccasin.
The water moccasin is heavily wounded.
The water moccasin barely misses you.
You hit the water moccasin but do no damage.
The water moccasin is heavily wounded.
The water moccasin bites you but does no damage.
The water moccasin bites you.
* * * LOW HITPOINT WARNING * * *
It was a potion of might.
You feel very mighty all of a sudden. The water moccasin barely misses you.
The water moccasin bites you but does no damage.
You strike the helpless water moccasin from behind!
You hit the water moccasin.
The water moccasin is severely wounded.
Found 57 gold pieces and 13 stones.
The water moccasin bites you.
* * * LOW HITPOINT WARNING * * *
The water moccasin bites you.
* * * LOW HITPOINT WARNING * * *
You barely miss the water moccasin.
The water moccasin is severely wounded.
The water moccasin bites you but does no damage.
You closely miss the water moccasin.
The water moccasin is severely wounded.
The water moccasin bites you but does no damage. x2
You miss the water moccasin.
The water moccasin is severely wounded.
The water moccasin bites you!
You die...

##$($$$##
#..$?$..#
#.......#
#.......#
#.......#
#.......# #.S...#
#@# ####### #.#
##.....## #.#
##...≈.†.#
#.#######...≈≈≈...
#..........≈≈≈≈≈.∩
#.#######...≈≈≈...
#.# ##...≈...# #.#
##.....## #.#
#######


You could see a water moccasin.

Vanquished Creatures
  2 scorpions (D:4)
  A water moccasin skeleton (D:4)
  A hound (D:4)
  A hound zombie (D:2)
  6 adders
  2 adder zombies (D:2)
  3 adder skeletons
  5 dart slugs
  5 orcs
  2 endoplasms
  4 giant cockroaches
  6 hobgoblins
  4 jackals (D:1)
  A quokka (D:4)
  3 ball pythons
  11 bats
  3 goblins
  2 kobolds
  A quokka zombie (D:2)
  6 rats
69 creatures vanquished.

Notes
Turn   | Place    | Note
-------+----------+-------------------------------------------
     0 | D:1      | Spaninq the Ghoul Warper began the quest for the Orb.
     0 | D:1      | Reached XP level 1. HP: 17/17 MP: 2/2
    53 | D:1      | Found a faded altar of an unknown god.
   166 | D:1      | Reached skill level 2 in Axes
   320 | D:1      | Reached XP level 2. HP: 25/25 MP: 3/3
   940 | D:2      | Reached XP level 3. HP: 13/30 MP: 4/4
  1253 | D:2      | Reached skill level 3 in Axes
  1560 | D:2      | Found an iron altar of Okawaru.
  1584 | D:2      | Became a worshipper of Warmaster Okawaru
  1679 | D:2      | Reached skill level 1 in Armour
  1811 | D:2      | Reached XP level 4. HP: 38/38 MP: 5/5
  2381 | D:3      | Found a snail-covered altar of Cheibriados.
  2397 | D:3      | Reached XP level 5. HP: 37/45 MP: 6/6
  2874 | D:4      | Reached skill level 4 in Axes
  2941 | D:4      | Reached XP level 6. HP: 14/52 MP: 7/7
  3011 | D:4      | Reached skill level 5 in Axes
  3100 | D:4      | Found a glowing drain.
  3109 | Sewer    | Entered a sewer
  3144 | Sewer    | Noticed a water moccasin
  3179 | Sewer    | Slain by a water moccasin

Illustrated notes

Levels and vault maps discovered:
D:1:      scummos_arrival_simple_fountains, layout_basic,
          ebering_ecumenical_altar_petrified
D:2:      layout_loops_cross, serial_undead, serial_undead_b, serial_undead_a,
          serial_undead_c, serial_undead_a, basic_altar
D:3:      layout_basic, mainiacjoe_overflow_alcove_1, minivault_5,
          chequers_serial_rivers_small_b
D:4:      layout_loops_cross, portal_sewer_entry_d, serial_park_tiny_pond,
          minmay_bent
Sewer:    sewer_big_baddie

Skill      XL: |  1  2  3  4  5  6 |
---------------+-------------------+-----
Axes           | 2 3 4 5 |  5.0
Fighting       | 3 4 |  4.4
Armour         | 1 |  1.3
Dodging        | 2 |  2.0
Throwing       | |  0.8
Spellcasting   | |  1.7
Translocations | |  2.6

Action                   |  1- 3 |  4- 6 || total
-------------------------+-------+-------++-------
Melee: Hand axe          |   152 |    51 ||   203
       War axe           |       |   186 ||   186
  Use: Scroll            |       |     7 ||     7
       Potion            |       |     5 ||     5
 Stab: Invisible         |       |     1 ||     1
Armor: Leather armour    |    39 |       ||    39
       Chain mail        |    49 |    36 ||    85
       Plate armour      |       |   184 ||   184
Dodge: Dodged            |    76 |    86 ||   162

Table legend: (Time is in decaauts)
 A = Elapsed time spent in this place.
 B = Non-inter-level travel time spent in this place.
 C = Inter-level travel time spent in this place.
 D = Time resting spent in this place.
 E = Time spent auto-exploring this place.
 F = Levels seen in this place.
 G = Mean time per level.
                   A        B        C        D        E       F      G
               +--------+--------+--------+--------+--------+-----+--------+
         Total |   3271 |   3241 |     30 |    461 |   1828 |   5 |  654.2 |
       Dungeon |   3190 |   3160 |     30 |    461 |   1810 |   4 |  797.5 |
         Sewer |     80 |     80 |      0 |      0 |     18 |   1 |   80.0 |
               +--------+--------+--------+--------+--------+-----+--------+

Top non-repeatable levels by time:
     D:1: 1104 daAuts
     D:2: 961 daAuts
     D:3: 837 daAuts
     D:4: 287 daAuts
   Sewer: 80 daAuts
